 Dungeon Crawl Stone Soup version 0.31.0-12-g77e489cdc1 (webtiles) character file.

Game seed: 10895308583653164719

100 firemarshallily the Magician (level 4, -7/28 HPs)
             Began as an Octopode Hedge Wizard on Mar 4, 2024.
             Mangled by Sigmund
             ... wielding a +0 scythe
              (10 damage)
             ... on level 2 of the Dungeon.
             The game lasted 00:08:27 (2278 turns).

firemarshallily the Magician (OpHW)                 Turns: 2278, Time: 00:08:27

Health: -7/28      AC:  1    Str:  7 (8)  XL:     4   Next: 74%
Magic:  1/9        EV: 14    Int: 15      God:
Gold:   95         SH:  0    Dex: 17      Spells: 6/10 levels left

rFire   + . .        a - +0 dagger
rCold   . . .        (no shield)
rNeg    . . .        b - +0 hat
rPois   .            (no amulet)
rElec   .            k - ring of protection from fire
rCorr   .            (no ring)
SInv    .            (no ring)
Will    .....        (no ring)
Stlth   ++           (no ring)
HPRegen 0.24/turn    (no ring)
MPRegen 0.11/turn    (no ring)
                     (no ring)

%: no passive effects
@: confused, mighty, brilliant
A: almost no armour, amphibious, 8 rings, camouflage 1, gelatinous body 1,
(nimble swimmer 1), tentacles, agile 1, deterioration 1, inability to read after
injury 1
a: no special abilities


You were on level 2 of the Dungeon.
You visited 1 branch of the dungeon, and saw 2 of its levels.

You collected 95 gold pieces.

Inventory:

Hand Weapons
 a - a +0 dagger (weapon)
Armour
 b - a +0 hat (worn)
Jewellery
 k - a ring of protection from fire (left tentacle)
Scrolls
 e - a scroll of identify {unknown}
 h - a scroll of teleportation {unknown}
 i - a scroll of revelation {unknown}
Potions
 c - a potion of magic


   Skills:
 + Level 1.4 Fighting
 + Level 2.7 Dodging
 - Level 2.6 Stealth
 * Level 3.8 Spellcasting
 + Level 1.7 Conjurations
 - Level 1.0 Summonings
 - Level 1.0 Translocations
 + Level 1.3 Air Magic


You had 6 spell levels left.
You knew the following spells:

 Your Spells              Type           Power      Damage    Failure   Level
a - Magic Dart            Conj           48%        1d5       9%          1
b - Call Imp              Summ           16%        N/A       19%         2
c - Slow                  Hex            16%        N/A       19%         1

Your spell library contained the following spells:

 Spells                   Type           Power      Damage    Failure   Level
 Apportation              Tloc           16%        N/A       12%         1
 Summon Small Mammal      Summ           32%        N/A       12%         1
 Sting                    Conj/Alch      32%        1d5       13%         1
 Necrotise                Necr           16%        1d4       19%         1
 Blink                    Tloc           16%        N/A       19%         2
 Cigotuvi's Dreadful Rot  Necr/Alch/Air  12%        N/A       24%         2
 Mephitic Cloud           Conj/Alch/Air  8%         N/A       36%         3


Dungeon Overview and Level Annotations

Branches:
Dungeon (2/15)

Altars:

Shops:
D:1 [

Annotations:
D:2 Sigmund


Innate Abilities, Weirdness & Mutations

You cannot wear most types of armour.
You are amphibious.
You can wear up to eight rings at the same time.
Your skin changes colour to match your surroundings (Stealth+).
Your rubbery body absorbs attacks. (AC +1, EV +1)
((You are camouflaged when in or above water. (Stealth+)))
You have tentacles for arms and can constrict up to eight enemies at once.
You are agile. (Dex +4, Str/Int -1)
Your body sometimes deteriorates upon taking damage.
You occasionally lose the ability to read scrolls when taking damage.


Message History

Casting: Magic Dart (safe; 9% risk of failure)
Confirm with . or Enter, or press ? or * to list all spells.
Aiming: Magic Dart (safe; 9% risk of failure)
Press: ? - help, Shift-Dir - straight line You miscast Magic Dart.
You are very lightly contaminated with residual magic.
Nothing appears to happen.
Unknown command.
It was a potion of heal wounds.
You feel much better. Something hits you. Something hits you!
You hit something. You barely miss something.
Your tentacle-slap misses something.
Your squeeze misses something. Something hits you!
* * * LOW HITPOINT WARNING * * *
You feel much better. Something hits you.
You hit something. Your squeeze misses something.
Your magical contamination has completely faded away.
You hit something.
You hear some strange, mumbled words.
You are confused.
You bump into the rock wall.
Something hits you!
It was a potion of brilliance.
You feel clever all of a sudden. Something barely misses you.
It was a potion of mutation.
You feel extremely strange.
You occasionally lose the ability to read scrolls when taking damage.
You feel yourself wasting away.
You feel agile.
It was a potion of might.
You feel very mighty all of a sudden.
You hear some strange, mumbled words.
You are more confused.
You bump into the rock wall.
Something hits you.
You bump into the rock wall.
You hear some strange, mumbled words.
A magic dart appears from out of thin air!
The magic dart hits you!
* * * LOW HITPOINT WARNING * * *
Your body deteriorates!
You feel weakened.
You bump into the rock wall.
Something hits you!
You die...

#..##...#.......##
#..##.>.........##
#.......)......).#
#.#####..####.#######.#
#..........†...# .#
######..#####.## # #.# #.## .†. #
#.# #{# ... # #.# #@# #... # #.#
#.# ##### # #.# #.# ## #.# #.#
##. ###.######## #.# #..
...........# #.# #.# ###.######.#
#.# #.. .##.######.# #.# ##.
.##........#####.################


There were no monsters in sight!

Vanquished Creatures
  Jessica (D:2)
  3 adders (D:2)
  A ribbon worm (D:2)
  2 endoplasms
  A giant cockroach (D:1)
  6 goblins
  3 hobgoblins
  4 jackals (D:2)
  6 ball pythons
  2 bats
  2 frilled lizards
  8 kobolds
  7 rats
46 creatures vanquished.

Notes
Turn   | Place    | Note
-------+----------+-------------------------------------------
     0 | D:1      | firemarshallily the Octopode Hedge Wizard began the quest
                  | for the Orb.
     0 | D:1      | Reached XP level 1. HP: 11/11 MP: 4/4
   480 | D:1      | Reached XP level 2. HP: 17/17 MP: 0/6
   644 | D:1      | Learned a level 2 spell: Call Imp
   646 | D:1      | Learned a level 1 spell: Slow
  1011 | D:1      | Found Etoud's Antique Armour Shop.
  1228 | D:1      | Reached XP level 3. HP: 22/22 MP: 5/7
  1499 | D:2      | Reached skill level 1 in Fighting
  1499 | D:2      | Reached skill level 1 in Air Magic
  1739 | D:2      | Noticed Sigmund
  1830 | D:2      | Reached XP level 4. HP: 28/28 MP: 3/9
  1894 | D:2      | Noticed Jessica
  1901 | D:2      | Killed Jessica
  2274 | D:2      | Gained mutation: You occasionally lose the ability to read
                  | scrolls when taking damage. [potion of mutation]
  2274 | D:2      | Gained mutation: Your body sometimes deteriorates upon
                  | taking damage. [potion of mutation]
  2274 | D:2      | Gained mutation: You are agile. (Dex +4, Str/Int -1)
                  | [potion of mutation]
  2278 | D:2      | Mangled by Sigmund

Illustrated notes

Levels and vault maps discovered:
D:1:      saegor_arrival_fortress, layout_basic, serial_shops,
          nicolae_shop_stone, serial_glass, glass_columns_b, glass_columns_b
D:2:      layout_loops_ring, uniq_jessica, uniq_sigmund

Skill      XL: |  1  2  3 |
---------------+----------+-----
Fighting       | 1 |  1.4
Air Magic      | 1 |  1.3
Dodging        | |  2.7
Stealth        | |  2.6
Spellcasting   | |  3.8
Conjurations   | |  1.7
Summonings     | |  1.0
Translocations | |  1.0

Action                     |  1- 3 |  4- 6 || total
---------------------------+-------+-------++-------
  Melee: Dagger            |    31 |    10 ||    41
         Constrict         |    10 |     3 ||    13
         Tentacles         |     6 |     4 ||    10
   Cast: Magic Dart        |    65 |    22 ||    87
         Slow              |     3 |     2 ||     5
         Call Imp          |     2 |       ||     2
    Use: Potion            |       |     5 ||     5
   Stab: Sleeping          |     1 |     2 ||     3
 Armour: Skin              |    13 |    10 ||    23
  Dodge: Dodged            |    19 |     3 ||    22
